 Dungeon Crawl Stone Soup version 0.26.1-11-gd32895ea62 (webtiles) character file.

Game seed: 16653813945750574670

5105 nothank2 the Martial Artist (level 10, -3/76 HPs)
             Began as a Gnoll Transmuter on June 24, 2021.
             Was a Believer of Vehumet.
             Slain by a yak (16 damage)
             ... on level 8 of the Dungeon.
             The game lasted 00:33:50 (9461 turns).

nothank2 the Martial Artist (Gnoll Transmuter)      Turns: 9461, Time: 00:33:51

Health: -3/76      AC:  6    Str: 12    XL:     10   Next: 57%
Magic:  19/21      EV: 27    Int: 19    God:    Vehumet [**....]
Gold:   446        SH:  5    Dex: 21    Spells: 9/23 levels left

rFire    . . .     SeeInvis .     - Unarmed
rCold    . . .     Faith    .   (shield currently unavailable)
rNeg     . . .     Spirit   .   (armour currently unavailable)
rPois    x         Reflect  +   (helmet currently unavailable)
rElec    .         Harm     .   (cloak currently unavailable)
rCorr    .         Rampage  .   (gloves currently unavailable)
Will     +....                  (boots currently unavailable)
Stlth    +++.......             N - amulet of reflection
HPRegen  0.22/turn              A - ring of willpower
MPRegen  0.17/turn              y - +4 ring of protection

@: spider-form
A: tiny, distributed training, strong nose
a: End Transformation, Renounce Religion


You were on level 8 of the Dungeon.
You worshipped Vehumet.
Vehumet was pleased with you.
You were a venomous arachnid creature.
You visited 1 branch of the dungeon, and saw 9 of its levels.

You collected 446 gold pieces.

Inventory:

Hand Weapons
 n - a +3 mace of protection (melded)
 E - a +4 dagger
Missiles
 h - 56 poisoned darts
Armour
 a - a +0 robe (melded)
 G - a +2 buckler (melded)
 J - a +2 cloak of stealth (melded)
Magical Staves
 K - an uncursed staff of earth
 M - an uncursed staff of fire
Jewellery
 b - an uncursed ring of resist corrosion
 y - a +4 ring of protection (right front leg)
 A - a ring of willpower (left front leg)
 I - an uncursed amulet of magic regeneration
 N - an amulet of reflection (around neck)
Wands
 i - a wand of digging (11)
 x - a wand of iceblast (19)
 H - a wand of polymorph (4)
Scrolls
 j - 4 scrolls of teleportation
 q - 2 scrolls of remove curse
 r - 4 scrolls of identify
 t - a scroll of enchant weapon
 B - 2 scrolls of amnesia
 F - a scroll of blinking
Potions
 e - 3 potions of brilliance
 f - 3 potions of haste
 l - 6 potions of lignification
 p - a potion of resistance
 s - 4 potions of might
 u - 4 potions of heal wounds
 w - a potion of magic


   Skills:
 + Level 6.0 Fighting
 + Level 5.4 Short Blades
 + Level 5.4 Long Blades
 + Level 5.4 Axes
 + Level 5.4 Maces & Flails
 + Level 5.4 Polearms
 + Level 5.4 Staves
 + Level 5.4 Slings
 + Level 5.4 Bows
 + Level 5.4 Crossbows
 + Level 5.4 Throwing
 + Level 5.4 Armour
 + Level 7.2 Dodging
 + Level 5.4 Stealth
 + Level 5.4 Shields
 + Level 8.6 Unarmed Combat
 + Level 7.4 Spellcasting
 + Level 4.4 Conjurations
 + Level 4.4 Hexes
 + Level 4.4 Summonings
 + Level 4.4 Necromancy
 + Level 4.4 Translocations
 + Level 5.9 Transmutations
 + Level 4.4 Fire Magic
 + Level 4.4 Ice Magic
 + Level 4.4 Air Magic
 + Level 4.4 Earth Magic
 + Level 4.4 Poison Magic
 + Level 5.9 Invocations
 + Level 5.4 Evocations


You had 9 spell levels left.
You knew the following spells:

 Your Spells              Type           Power        Failure   Level
a - Beastly Appendage     Tmut           58%          4%          1
b - Spider Form           Tmut/Pois      13%          11%         3
c - Magic Dart            Conj           96%          7%          1
d - Blink                 Tloc           N/A          9%          2
e - Mephitic Cloud        Conj/Pois/Air  24%          14%         3
f - Ice Form              Ice/Tmut       26%          26%         4

Your spell library contained the following spells:

 Spells                   Type           Power        Failure   Level
 Dazzling Flash           Conj/Hex       48%          14%         3
 Wereblood                Tmut           29%          6%          2
 Call Imp                 Summ           24%          9%          2
 Slow                     Hex            24%          9%          2
 Conjure Flame            Conj/Fire      24%          14%         3
 Blade Hands              Tmut           14%          43%         5


Dungeon Overview and Level Annotations

Branches:
Dungeon (9/15)             Temple (0/1) D:4
   Lair: D:8-11         Orc: D:9-12

Altars:
Cheibriados
Elyvilon
Gozag
Kikubaaqudgha
Makhleb
Nemelex Xobeh
Okawaru
Ru
Trog
Vehumet
Yredelemnul
Zin
The Shining One


Innate Abilities, Weirdness & Mutations

Your experience applies equally to all skills.
((You have very sharp teeth.))
Your uncanny sense of smell can sniff out nearby items.


Message History

Your +3 mace of protection melds into your body.
Your +2 cloak of stealth melds into your body.
Your +2 buckler melds into your body.
Your +0 robe melds into your body.
Your +3 mace of protection goes still.
You feel less stealthy. The yak closely misses you.
You hit the yak.
The yak is poisoned.
The yak is lightly wounded.
You block the yak's attack.
You barely miss the yak.
The yak is lightly wounded.
The yak misses you.
You bite the yak!
The yak looks as sick as possible!
The yak is heavily wounded.
The yak gores you!
* * * LOW HITPOINT WARNING * * *
You hit the yak but do no damage.
The yak is heavily wounded.
The yak gores you!
You die...

#.............###....###
#...####.##..........#
##..## #.##.#######..##
#...# #.##.# #...# ##..#
#.#..##### #.#.# #..#
#........# #.#.# #..#
#........# #.#.#
#..####.......###.#.#
#..YYs............#.##
##.####.......###.....
#.# #.......##....#. #.#
#.......##.(..#.
#.#####.#.###.....>..
#...Y................
#######.#.###........
#.#.#####..<...
#..............


You could see 2 yaks.

Vanquished Creatures
  Joseph (D:7)
  Grinder (D:6)
  2 yaks (D:9)
  Grum (D:8)
  Duvessa (D:5)
  4 orc warriors
  A hornet zombie (D:8)
  A necrophage (D:8)
  4 sky beasts
  6 ogres
  2 wolves (D:8)
  4 centaurs
  6 bullfrogs
  Dowan (D:5)
  6 scorpions
  5 wights (D:5)
  4 killer bees (D:8)
  A bullfrog zombie (D:5)
  A centaur skeleton (D:4)
  2 orc priests
  A hound (D:4)
  A jelly (D:5)
  9 orc wizards
  A bullfrog skeleton (D:5)
  3 iguanas
  Jessica (D:3)
  2 worker ants
  A worker ant zombie (D:5)
  6 gnolls
  16 adders
  2 white imps
  2 oozes
  3 adder skeletons
  3 worms
  6 dart slugs
  3 leopard geckos
  36 orcs
  7 giant cockroaches
  15 goblins
  10 hobgoblins
  13 jackals
  2 quokkas (D:6)
  6 ball pythons
  8 bats
  4 frilled lizards
  5 kobolds
  A quokka skeleton (D:3)
  13 rats
234 creatures vanquished.

Notes
Turn   | Place    | Note
-------+----------+-------------------------------------------
     0 | D:1      | nothank2 the Gnoll Transmuter began the quest for the Orb.
     0 | D:1      | Reached XP level 1. HP: 17/17 MP: 6/6
   132 | D:1      | Reached XP level 2. HP: 23/23 MP: 7/7
   751 | D:1      | Reached XP level 3. HP: 28/28 MP: 7/9
   890 | D:1      | Reached skill level 5 in Spellcasting
  1293 | D:1      | Reached skill level 1 in Invocations
  1621 | D:2      | Reached skill level 1 in Short Blades
  1621 | D:2      | Reached skill level 1 in Long Blades
  1621 | D:2      | Reached skill level 1 in Axes
  1621 | D:2      | Reached skill level 1 in Maces & Flails
  1621 | D:2      | Reached skill level 1 in Polearms
  1621 | D:2      | Reached skill level 1 in Staves
  1621 | D:2      | Reached skill level 1 in Slings
  1621 | D:2      | Reached skill level 1 in Bows
  1621 | D:2      | Reached skill level 1 in Crossbows
  1621 | D:2      | Reached skill level 1 in Throwing
  1621 | D:2      | Reached skill level 1 in Armour
  1621 | D:2      | Reached skill level 1 in Stealth
  1621 | D:2      | Reached skill level 1 in Shields
  1621 | D:2      | Reached skill level 1 in Evocations
  1622 | D:2      | Reached XP level 4. HP: 30/34 MP: 11/11
  2084 | D:2      | Learned a level 3 spell: Spider Form
  2210 | D:2      | Reached skill level 1 in Conjurations
  2210 | D:2      | Reached skill level 1 in Hexes
  2210 | D:2      | Reached skill level 1 in Summonings
  2210 | D:2      | Reached skill level 1 in Necromancy
  2210 | D:2      | Reached skill level 1 in Translocations
  2210 | D:2      | Reached skill level 1 in Fire Magic
  2210 | D:2      | Reached skill level 1 in Ice Magic
  2210 | D:2      | Reached skill level 1 in Air Magic
  2210 | D:2      | Reached skill level 1 in Earth Magic
  2210 | D:2      | Reached skill level 1 in Poison Magic
  2409 | D:2      | Reached XP level 5. HP: 31/40 MP: 10/12
  3112 | D:3      | Found a glowing golden altar of the Shining One.
  3240 | D:3      | Noticed Jessica
  3247 | D:3      | Killed Jessica
  3424 | D:3      | Found a basalt altar of Yredelemnul.
  3426 | D:3      | Found a sacrificial altar of Ru.
  3430 | D:3      | Found a bloodstained altar of Trog.
  3430 | D:3      | Found an ancient bone altar of Kikubaaqudgha.
  3430 | D:3      | Found a radiant altar of Vehumet.
  3431 | D:3      | Found a snail-covered altar of Cheibriados.
  3447 | D:3      | Became a worshipper of Vehumet
  3529 | D:3      | Reached XP level 6. HP: 44/47 MP: 11/13
  3675 | D:4      | Reached skill level 5 in Dodging
  3794 | D:4      | Found a white marble altar of Elyvilon.
  4206 | D:4      | Reached XP level 7. HP: 52/52 MP: 15/15
  4215 | D:4      | Learned a level 1 spell: Magic Dart
  4218 | D:4      | Learned a level 2 spell: Blink
  4222 | D:4      | Learned a level 3 spell: Mephitic Cloud
  4234 | D:4      | Found a staircase to the Ecumenical Temple.
  4365 | D:4      | Reached skill level 7 in Unarmed Combat
  5066 | D:5      | Entered Level 5 of the Dungeon
  5119 | D:5      | Found a sparkling altar of Nemelex Xobeh.
  5408 | D:5      | Reached XP level 8. HP: 55/60 MP: 13/16
  5475 | D:5      | Noticed Duvessa
  5482 | D:5      | Noticed Dowan
  5490 | D:5      | Killed Duvessa
  5490 | D:5      | Reached * piety under Vehumet
  5490 | D:5      | Offered knowledge of Foxfire by Vehumet.
  5493 | D:5      | Killed Dowan
  5583 | D:5      | Found an opulent altar of Gozag.
  5735 | D:5      | Found an ancient bone altar of Kikubaaqudgha.
  6293 | D:6      | Reached skill level 5 in Transmutations
  6293 | D:6      | Reached XP level 9. HP: 66/66 MP: 16/18
  6573 | D:5      | Learned a level 4 spell: Ice Form
  6791 | D:6      | You fall into a shaft and drop 1 floor!
  6818 | D:7      | Found a burning altar of Makhleb.
  6826 | D:7      | Reached ** piety under Vehumet
  6826 | D:7      | Offered knowledge of Freeze by Vehumet.
  6827 | D:7      | Found a glowing silver altar of Zin.
  6827 | D:7      | Noticed an angel
  6827 | D:7      | Noticed an Executioner
  6963 | D:6      | Reached skill level 5 in Fighting
  6973 | D:6      | Found an iron altar of Okawaru.
  7210 | D:6      | Noticed Grinder
  7235 | D:6      | Killed Grinder
  7236 | D:6      | Reached skill level 8 in Unarmed Combat
  7651 | D:7      | Reached skill level 5 in Invocations
  7780 | D:7      | Noticed Joseph
  7802 | D:7      | Killed Joseph
  7803 | D:7      | Reached XP level 10. HP: 49/74 MP: 20/20
  8313 | D:8      | Reached skill level 5 in Short Blades
  8313 | D:8      | Reached skill level 5 in Long Blades
  8313 | D:8      | Reached skill level 5 in Axes
  8313 | D:8      | Reached skill level 5 in Maces & Flails
  8313 | D:8      | Reached skill level 5 in Polearms
  8313 | D:8      | Reached skill level 5 in Staves
  8313 | D:8      | Reached skill level 5 in Slings
  8313 | D:8      | Reached skill level 5 in Bows
  8313 | D:8      | Reached skill level 5 in Crossbows
  8313 | D:8      | Reached skill level 5 in Throwing
  8313 | D:8      | Reached skill level 5 in Armour
  8313 | D:8      | Reached skill level 5 in Stealth
  8313 | D:8      | Reached skill level 5 in Shields
  8313 | D:8      | Reached skill level 5 in Evocations
  8450 | D:8      | Noticed Grum
  8461 | D:8      | Killed Grum
  8643 | D:8      | Offered knowledge of Dazzling Flash by Vehumet.
  8822 | D:8      | Found a bloodstained altar of Trog.
  9461 | D:8      | Slain by a yak

Illustrated notes

Levels and vault maps discovered:
D:1:      heliophobic_arrival_enchanted_forest, layout_basic, minmay_unequal
D:2:      layout_loops_ring
D:3:      layout_rooms, minitemple, st_stairs_10, tso_metal_star, uniq_jessica
D:4:      layout_basic, minmay_temple_entry_glassed_door, hangedman_glass_teeth,
          elyvilon_altar_1
D:5:      layout_basic, grunt_gozag_breadcrumbs,
          nemelex_xobeh_ov_fountains_minmay, basic_altar, uniq_duvessa
D:6:      layout_cave_pools, okawaru_gym_becter, uniq_grinder
D:7:      layout_rooms, grunt_temple_overflow_order_and_chaos_2,
          amcnicky_mini_corridor_feature, uniq_joseph
D:8:      layout_loops_ring, basic_altar, uniq_grum
D:9:      layout_basic

Skill      XL: |  1  2  3  4  5  6  7  8  9 10 |
---------------+-------------------------------+-----
Spellcasting   | 5 6 7 |  7.4
Invocations    | 1 2 3 4 5 |  5.9
Short Blades   | 1 2 3 4 5 |  5.4
Long Blades    | 1 2 3 4 5 |  5.4
Axes           | 1 2 3 4 5 |  5.4
Maces & Flails | 1 2 3 4 5 |  5.4
Polearms       | 1 2 3 4 5 |  5.4
Staves         | 1 2 3 4 5 |  5.4
Slings         | 1 2 3 4 5 |  5.4
Bows           | 1 2 3 4 5 |  5.4
Crossbows      | 1 2 3 4 5 |  5.4
Throwing       | 1 2 3 4 5 |  5.4
Armour         | 1 2 3 4 5 |  5.4
Stealth        | 1 2 3 4 5 |  5.4
Shields        | 1 2 3 4 5 |  5.4
Evocations     | 1 2 3 4 5 |  5.4
Conjurations   | 1 2 3 4 |  4.4
Hexes          | 1 2 3 4 |  4.4
Summonings     | 1 2 3 4 |  4.4
Necromancy     | 1 2 3 4 |  4.4
Translocations | 1 2 3 4 |  4.4
Fire Magic     | 1 2 3 4 |  4.4
Ice Magic      | 1 2 3 4 |  4.4
Air Magic      | 1 2 3 4 |  4.4
Earth Magic    | 1 2 3 4 |  4.4
Poison Magic   | 1 2 3 4 |  4.4
Fighting       | 3 4 5 6 |  6.0
Transmutations | 4 5 |  5.9
Dodging        | 5 6 7 |  7.2
Unarmed Combat | 7 8 |  8.6

Action                   |  1- 3 |  4- 6 |  7- 9 | 10-12 || total
-------------------------+-------+-------+-------+-------++-------
Melee: Unarmed           |    37 |       |   183 |   133 ||   353
       Kick              |    20 |    40 |    39 |     6 ||   105
       Headbutt          |    10 |    27 |    20 |     3 ||    60
       Punch             |     2 |     2 |       |       ||     4
       Dagger            |    50 |    15 |       |       ||    65
       Bite              |     3 |    17 |    16 |     1 ||    37
       Mace              |       |   158 |   149 |    20 ||   327
 Cast: Beastly Appendage |    23 |    27 |    19 |     1 ||    70
       Spider Form       |       |       |    22 |    11 ||    33
       Magic Dart        |       |       |       |     1 ||     1
  Use: Scroll            |       |    11 |     1 |    10 ||    22
 Stab: Sleeping          |     4 |     3 |     9 |     1 ||    17
       Distracted        |       |       |     2 |     1 ||     3
       Confused          |       |       |     1 |       ||     1
Armor: Robe              |    11 |    23 |    35 |     7 ||    76
       Skin              |       |       |    11 |    12 ||    23
Dodge: Dodged            |    70 |   128 |   265 |   132 ||   595
Block: Buckler           |       |    34 |    41 |     7 ||    82
       Other             |       |       |       |     5 ||     5
